 Dungeon Crawl Stone Soup version 0.31-a0-844-gdc52ec4e09 (webtiles) character file.

Game seed: 1396115648072892756

161 Pixllover the Trooper (level 5, -2/33 HPs)
             Began as a Gargoyle Berserker on Sept 28, 2023.
             Was a Believer of Trog.
             Slain by a river rat (6 damage)
             ... in a sewer.
             The game lasted 00:04:42 (2217 turns).

Pixllover the Trooper (Gargoyle Berserker)          Turns: 2217, Time: 00:04:42

Health: -2/33      AC: 10    Str: 23    XL:     5   Next: 42%
Magic:  5/5        EV: 11    Int:  7    God:    Trog [**....]
Gold:   71         SH:  0    Dex:  9    Spells: 4/4 levels left

rFire   . . .        f - +0 broad axe
rCold   . . .        (no shield)
rNeg    + . .        g - +0 ring mail
rPois   ∞            (no helmet)
rElec   +            (no cloak)
rCorr   .            d - +0 pair of gloves
SInv    .            (no boots)
Will    .....        (no amulet) Stlth
                     (no ring)
HPRegen 0.25/turn    (no ring)
MPRegen 0.09/turn

%: no passive effects
@: studying Throwing, very slow
A: sickness immunity, AC +4, negative energy resistance 1, electricity
resistance, torment resistance 1, petrification resistance
a: Renounce Religion, Berserk, Trog's Hand


You were in a sewer.
You worshipped Trog.
Trog was pleased with you.
You visited 1 branch of the dungeon, and saw 3 of its levels.
You also visited: Sewer.

You collected 71 gold pieces.

Inventory:

Hand Weapons
 f - a +0 broad axe (weapon)
Missiles
 i - 12 poisoned darts
Armour
 d - a +0 pair of gloves (worn)
 g - a +0 ring mail (worn)
Scrolls
 b - 3 scrolls of enchant weapon {unknown}
 l - a scroll of enchant armour {unknown}
 m - a scroll of poison {unknown}
 p - a scroll of identify
Potions
 a - a potion of brilliance {unknown}
 c - a potion of ambrosia {unknown}
 e - 2 potions of haste {unknown}
 h - 2 potions of curing
 j - a potion of degeneration {unknown}
 k - a potion of cancellation {unknown}
 n - a potion of might {unknown}
 o - a potion of heal wounds {unknown}


   Skills:
 + Level 4.2 Fighting
 + Level 4.0 Axes
 + Level 3.1 Armour
 + Level 2.4 Dodging
 + Level 0.2 Stealth


You had 4 spell levels left.
You didn't know any spells.
Your spell library was empty.

Dungeon Overview and Level Annotations

Branches:
Dungeon (3/15)              Sewer (1/1)

Altars:
Qazlal

Shops:
D:2 =


Innate Abilities, Weirdness & Mutations

You are immune to sickness and miasma.
Your stone body is resilient. (AC +4)
You are immune to poison.
You resist negative energy. (rN+)
You are resistant to electric shocks. (rElec)
You are resistant to unholy torment.
You are immune to petrification.


Message History

You closely miss the river rat. The river rat bites you.
Your unstable footing causes you to fumble your attack.
The river rat bites you but does no damage.
The river rat bites you.
Your unstable footing causes you to fumble your attack.
The river rat barely misses you.
You hit the river rat.
The river rat is moderately wounded.
The river rat bites you.
You closely miss the river rat.
The river rat is moderately wounded.
The river rat barely misses you. The river rat bites you.
Your unstable footing causes you to fumble your attack.
The river rat misses you.
Your unstable footing causes you to fumble your attack.
The river rat bites you. x2
You closely miss the river rat.
The river rat is moderately wounded.
The river rat bites you but does no damage.
You closely miss the river rat.
The river rat is moderately wounded.
The river rat bites you.
Your unstable footing causes you to fumble your attack.
The river rat bites you.
* * * LOW HITPOINT WARNING * * *
The river rat closely misses you.
You hit the river rat but do no damage.
The river rat is moderately wounded.
The river rat bites you.
* * * LOW HITPOINT WARNING * * *
The river rat attacks as it pursues you!
The river rat bites you but does no damage.
The river rat misses you.
You barely miss the river rat.
The river rat is moderately wounded.
The river rat completely misses you.
You barely miss the river rat.
The river rat is moderately wounded.
The river rat bites you.
You die...

##~~~## ##.~.## ##≈##
##≈## #≈# ##≈# #≈# ≈≈#
#≈# ##≈# # ##≈## ##≈##
#.. ##.~.## ##.~.##
.~...####~..~~#####.~..~#
~~...~~r@~~..~≈≈≈≈≈~.∩~.~
.....####.....#####.~~∩.#
#.. ##.~~## ##.).## #
##~## ##~## #~# #~# #~#
#~# ##~## ##~## ##...##
##...##
###..~..#####...~.#


You could see a river rat.

Vanquished Creatures
  5 adders
  5 river rats (Sewer)
  A worm (Sewer)
  A dart slug (D:1)
  6 ball pythons
  5 bats
  8 endoplasms
  4 giant cockroaches
  5 goblins
  2 hobgoblins (D:1)
  3 jackals (D:1)
  8 kobolds
  A quokka (D:2)
  3 frilled lizards
  8 rats
  A spectral kobold (D:1)
66 creatures vanquished.

Notes
Turn   | Place    | Note
-------+----------+-------------------------------------------
     0 | D:1      | Pixllover the Gargoyle Berserker began the quest for the
                  | Orb.
     0 | D:1      | Reached XP level 1. HP: 14/14 MP: 1/1
    74 | D:1      | Found a faded altar of an unknown god.
   125 | D:1      | Reached XP level 2. HP: 4/19 MP: 2/2
   316 | D:1      | Reached XP level 3. HP: 17/24 MP: 3/3
   319 | D:1      | Reached ** piety under Trog
   983 | D:2      | Found a stormy altar of Qazlal.
  1442 | D:2      | Found Lesofi's Jewellery Emporium.
  1668 | D:3      | Reached XP level 4. HP: 22/29 MP: 4/4
  1695 | D:3      | Found a glowing drain.
  1725 | Sewer    | Entered a sewer
  1923 | Sewer    | Reached XP level 5. HP: 33/33 MP: 5/5
  2217 | Sewer    | Slain by a river rat

Illustrated notes

Levels and vault maps discovered:
D:1:      wander_arrival_chamber, layout_basic,
          dreamdust_ecumenical_altar_drowned_temple
D:2:      layout_basic, basic_altar, serial_shops, nicolae_shop_stone,
          minmay_misc_feat_diagonals, serial_bayou_pond_d
D:3:      layout_basic, nicolae_yredelemnul_ghost_church,
          nicolae_tso_swordbearing_angel, mainiacjoe_overflow_alcove_1,
          serial_rivers, chequers_serial_rivers_micro_d,
          chequers_serial_rivers_small_a, chequers_serial_rivers_micro_c,
          chequers_serial_rivers_large_b, chequers_serial_rivers_small_3,
          chequers_serial_rivers_micro_c, portal_sewer_entry_c, minmay_circle_x
Sewer:    sewer_co_15_rooms

Skill      XL: |  1  2  3  4  5 |
---------------+----------------+-----
Axes           | 3 4 |  4.0
Fighting       | 4 |  4.2
Dodging        | 2 |  2.4
Armour         | 3 |  3.1
Stealth        | |  0.2

Action                     |  1- 3 |  4- 6 || total
---------------------------+-------+-------++-------
  Melee: Hand axe          |    88 |       ||    88
         Punch             |     1 |     1 ||     2
         Broad axe         |    39 |   128 ||   167
 Invoke: Berserk           |     1 |       ||     1
    Use: Scroll            |     2 |       ||     2
 Armour: Animal skin       |    64 |       ||    64
         Ring mail         |    39 |   117 ||   156
  Dodge: Dodged            |    94 |    87 ||   181

Table legend: (Time is in decaauts)
 A = Elapsed time spent in this place.
 B = Non-inter-level travel time spent in this place.
 C = Inter-level travel time spent in this place.
 D = Time resting spent in this place.
 E = Time spent auto-exploring this place.
 F = Levels seen in this place.
 G = Mean time per level.
                   A        B        C        D        E       F      G
               +--------+--------+--------+--------+--------+-----+--------+
         Total |   2388 |   2332 |     56 |    263 |   1005 |   4 |  597.0 |
       Dungeon |   1789 |   1733 |     56 |    105 |    861 |   3 |  596.3 |
         Sewer |    599 |    599 |      0 |    158 |    144 |   1 |  599.0 |
               +--------+--------+--------+--------+--------+-----+--------+

Top non-repeatable levels by time:
     D:1: 934 daAuts
     D:2: 737 daAuts
   Sewer: 599 daAuts
     D:3: 116 daAuts
